cohdb
Replays
Latest Replays
All Replays
Popular Replays
Top Player Replays
Match Explorer
How It Works
Community
CoH3 Stats
Reddit
Sign in to upload your games and track your stats! →
Sign in with Steam
Match 39690865
Unlisted
Match 39690865
Overview
Messages
Build Orders
End
Construct Barracks
Selects Heavy Weapons
Riflemen Squad
Riflemen Squad
Riflemen Squad
Grenade Package
Construct Weapon Support Center
Mechanized Support Center
Selects Assault Carriers
M3 Assault Carrier
Engineer Squad
Selects Exchangeable Parts
Construct Motor Pool
M8 Greyhound Armored Car
Forward Retreat Point
M1918 Browning Automatic Rifles
Designate Forward Repair Station
M3 75 mm Gun Motor Carriage
Riflemen Squad
Riflemen Squad
wila
LittleFatty233
爱玩原农锤的素食女权主义跨性别黑人男同
ChunKee
AshCo Dismas
bingbong
GANDX
Foltar
0
0
Comments
sign in to comment!
No comments posted yet!